 Dungeon Crawl Stone Soup version 0.30.1-3-gfc49f6343a (webtiles) character file.

Game seed: 10039174792263072580

56 Zeor the Twirler (level 3, -6/27 HPs)
             Began as a Demonspawn Gladiator on Aug 8, 2023.
             Engulfed by a cloud of flame (16 damage)
             ... on level 3 of the Dungeon.
             The game lasted 00:04:05 (1462 turns).

Zeor the Twirler (Demonspawn Gladiator)             Turns: 1462, Time: 00:04:05

Health: -6/27      AC:  6    Str: 14    XL:     3   Next: 71%
Magic:  3/3        EV: 12    Int:  9    God:
Gold:   77         SH:  0    Dex: 16    Spells: 2/2 levels left

rFire   . . .        a - +1 quarterstaff
rCold   . . .        (shield currently unavailable)
rNeg    . . .        b - +0 leather armour
rPois   .            c - +0 helmet
rElec   .            (no cloak)
rCorr   .            (no gloves)
SInv    .            g - +0 pair of boots
Will    .....        (no amulet)
Stlth   +            (no ring)
HPRegen 0.24/turn    (no ring)
MPRegen 0.08/turn

%: no passive effects
@: no status effects
A: sharp scales 1
a: no special abilities


You were on level 3 of the Dungeon.
You visited 1 branch of the dungeon, and saw 3 of its levels.

You collected 77 gold pieces.

Inventory:

Hand Weapons
 a - a +1 quarterstaff (weapon)
 f - a +0 quarterstaff
Missiles
 d - 3 throwing nets (quivered)
 e - a javelin
Armour
 b - a +0 leather armour (worn)
 c - a +0 helmet (worn)
 g - a +0 pair of boots (worn)
Potions
 h - 3 potions of curing
 i - a potion of berserk rage {unknown}
 j - a potion of ambrosia {unknown}


   Skills:
 + Level 2.2 Fighting
 * Level 3.7 Staves
 + Level 1.9 Throwing
 + Level 0.6 Armour
 + Level 3.0 Dodging


You had 2 spell levels left.
You didn't know any spells.
Your spell library contained the following spells:

 Spells                   Type           Power      Damage    Failure   Level
 Ensorcelled Hibernation  Hex/Ice        0%         N/A       61%         2
 Passwall                 Tmut/Erth      0%         N/A       61%         2
 Swiftness                Air            0%         N/A       83%         3
 Summon Forest            Summ/Tloc      0%         N/A       100%        5
 Eringya's Noxious Bog    Tmut/Pois      0%         N/A       100%        6
 Summon Hydra             Summ           0%         N/A       100%        7


Dungeon Overview and Level Annotations

Branches:
Dungeon (3/15)

Altars:
Ashenzari
Vehumet


Innate Abilities, Weirdness & Mutations

You are partially covered in razor-sharp scales. (AC +1, Slay +1)


Message History

The hobgoblin hits you but does no damage.
You closely miss the hobgoblin. The hobgoblin barely misses you.
You sock the hobgoblin!
You kill the hobgoblin!
No target in view!
You now have 77 gold pieces (gained 15).
You see here a hobgoblin corpse.
(D) Dungeon
Where to? (Enter - D:2 @ (x,y), ? - help)
You see here a +0 quarterstaff.
f - a +0 quarterstaff
There is a stone staircase leading down here.
You climb downwards.
Found a stone staircase leading down.
There is a stone staircase leading up here.
Found a pair of boots.
There is a stone staircase leading down here.
Found a robe and a club.
No target in view!
No target in view!
You see here a +0 pair of boots.
g - a +0 pair of boots You start putting on your armour.
You continue putting on your +0 pair of boots. x4
You finish putting on your +0 pair of boots.
As you open the door, it creaks loudly!
Found a broken altar of Ashenzari.
There is an open door here.
Found a sapphire potion.
Found a radiant altar of Vehumet.
Found an adder corpse.
There is a broken altar of Ashenzari here.
Found a stone staircase leading down.
Really walk into a travel-excluded area?
You are engulfed in blazing flames.
Ouch! That really hurt!
You see here a sapphire potion.
j - a sapphire potion You are engulfed in blazing flames.
Ouch! That really hurt!
You die... ∙∙∙∙∙∙∙▒ ∙∙∙∙∙∙ ∙∙∙∙∙

∙>∙▒ ∙∙∙▒▒▒▒
▒▒▒▒▒▒∙∙∙∙∙▒
▒▒∙∙∙∙∙∙#∙○∙▒
▒∙∙∙∙∙∙6∙▄○☼▒
▒∙∙∙∙∙∙∙○∙∙∙▒
▒∙∙∙∙∙∙∙∙☼∙∙▒
▒∙∙∙∙∙▒∙▒∙▒▒▒
▒∙∙∙∙∙∙∙∙∙▒
▒∙∙∙∙▒∙▒∙▒▒
∙∙▒▒▒▒∙∙▄∙∙▒
∙∙▒∙∙∙∙▒∙▒▒▒
∙∙∙∙∙∙∙■∙∙▒


There were no monsters in sight!

Vanquished Creatures
  2 worms (D:2)
  A dart slug (D:2)
  5 endoplasms
  3 giant cockroaches
  7 goblins
  4 hobgoblins
  4 jackals (D:2)
  A quokka (D:1)
  6 ball pythons
  2 bats (D:2)
  4 kobolds
  3 rats
42 creatures vanquished.

Vanquished Creatures (others)
  An adder (D:3)
1 creature vanquished.

Grand Total: 43 creatures vanquished

Notes
Turn   | Place    | Note
-------+----------+-------------------------------------------
     0 | D:1      | Zeor the Demonspawn Gladiator began the quest for the Orb.
     0 | D:1      | Reached XP level 1. HP: 16/16 MP: 1/1
   160 | D:1      | Gained mutation: You are partially covered in razor-sharp
                  | scales. (AC +1, Slay +1) [demonic ancestry]
   160 | D:1      | Reached XP level 2. HP: 22/22 MP: 2/2
   802 | D:2      | Reached XP level 3. HP: 27/27 MP: 3/3
  1450 | D:3      | Found a broken altar of Ashenzari.
  1453 | D:3      | Found a radiant altar of Vehumet.
  1462 | D:3      | Engulfed by a cloud of flame

Illustrated notes

Levels and vault maps discovered:
D:1:      tarquinn_simple_flora_water_c, layout_rooms
D:2:      wander_river, layout_basic, serial_corexii_hall,
          corexii_hall_statues_u, corexii_hall_statues_u,
          chequers_hall_statues_y, chequers_hall_statues_y
D:3:      corexii_shack_village, layout_basic, ashenzari_altar_1,
          fiery_altar_vehumet, mainiacjoe_overflow_six_doors_small,
          uniq_crazy_yiuf_cottage, uniq_sigmund

Skill      XL: |  1  2  3 |
---------------+----------+-----
Staves         | 3 |  3.7
Dodging        | 3 |  3.0
Fighting       | |  2.2
Throwing       | |  1.9
Armour         | |  0.6

Action                     || total
---------------------------++-------
  Melee: Quarterstaff      ||   111
    Use: Scroll            ||     4
 Armour: Leather armour    ||    47
  Dodge: Dodged            ||    77
